 Dungeon Crawl Stone Soup version 0.28.0 (webtiles) character file.

Game seed: 107101158642370288

57472 catcat the Eclecticist (level 15, 0/107 HPs)
             Began as a Djinni Conjurer on July 31, 2022.
             Was a High Priest of Elyvilon.
             Slain by a spectral eight-headed hydra (1 damage)
             ... called from beyond by a ghost crab
             ... on level 5 of the Lair of Beasts.
             The game lasted 00:55:17 (24522 turns).

catcat the Eclecticist (Djinni Conjurer)           Turns: 24522, Time: 00:55:19

Health: 0/107      AC: 15    Str:  6    XL:     15   Next: 26%
Gold:   1134       EV: 12    Int: 34    God:    Elyvilon [*****.] SH:  9 Dex: 11

rFire   + + .      SeeInvis .   S - +0 mace "Zistri" {freeze, rCorr}
rCold   x . .      Faith    .   V - +0 buckler
rNeg    . . .      Spirit   .   U - +2 ring mail {Will+}
rPois   ∞          Reflect  +   E - +1 helmet
rElec   .          Harm     .   q - +0 cloak
rCorr   +          Rampage  .   k - +0 pair of gloves
Will    ++...                   (boots unavailable)
Stlth   +.........              i - amulet of reflection
HPRegen 0.27/turn               c - +4 ring of protection
MPRegen 0.00/turn               l - +6 ring of intelligence

@: about to teleport, flying
A: sickness immunity, fire resistance 2, cold vulnerability 1, float, innate
caster, HP casting, extra vitality 1
a: Renounce Religion, Purification, Heal Other, Heal Self, Divine Vigour


You were on level 5 of the Lair of Beasts.
You worshipped Elyvilon.
Elyvilon was extremely pleased with you.
You visited 3 branches of the dungeon, and saw 15 of its levels.
You also visited: Ossuary.

You collected 1134 gold pieces.

Inventory:

Hand Weapons
 f - a +0 whip
 h - a +0 short sword
 j - a +2 short sword of venom
 S - the +0 mace "Zistri" (weapon) {freeze, rCorr}
   (You found it on level 6 of the Lair of Beasts)

   It freezes those it strikes, dealing additional cold damage.
   It can also slow down cold-blooded creatures.
   rCorr:     It protects you from acid and corrosion.
Missiles
 n - 6 throwing nets
Armour
 a - a +0 robe
 k - a +0 pair of gloves (worn)
 m - the +0 leather armour of Vehumet's Condemnation {rN+}
   (You found it on level 2 of the Dungeon)

   rN:        It protects you from negative energy.
 q - a +0 cloak (worn)
 E - a +1 helmet (worn)
 U - a +2 ring mail of willpower (worn)
 V - a +0 buckler (worn)
 W - a +3 scale mail
Jewellery
 c - a +4 ring of protection (left hand)
 i - an amulet of reflection (around neck)
 l - a +6 ring of intelligence (right hand)
 y - an amulet of the acrobat
 D - a ring of willpower
 I - a ring of positive energy
 P - a +4 ring of protection
 T - a ring of willpower
Wands
 p - a wand of digging (14)
 r - a wand of flame (19)
 w - a wand of acid (11)
 z - a wand of paralysis (12)
 J - a wand of polymorph (10)
 K - a wand of iceblast (11)
Scrolls
 d - a scroll of enchant armour
 e - 2 scrolls of silence
 o - a scroll of fear
 u - 3 scrolls of teleportation
 v - 3 scrolls of immolation
 A - a scroll of summoning
 G - a scroll of brand weapon
 H - 3 scrolls of fog
 M - a scroll of torment {unknown}
 N - a scroll of blinking
 O - 2 scrolls of vulnerability {unknown}
 Q - 2 scrolls of enchant weapon
Potions
 b - 6 potions of mutation
 g - 2 potions of might
 s - a potion of lignification
 t - 2 potions of berserk rage
 x - a potion of brilliance
 B - 2 potions of haste
 C - 3 potions of curing
 F - 2 potions of flight
 R - a potion of attraction {unknown}


   Skills:
 + Level 10.0 Fighting
 + Level 0.9 Armour
 - Level 12.0 Dodging
 - Level 1.5 Stealth
 - Level 2.0 Shields
 * Level 16.3 Spellcasting
 - Level 3.5 Invocations


You had 6 spell levels left.
You knew the following spells:

 Your Spells              Type           Power      Damage    Failure   Level
a - Magic Dart            Conj           100%       1d8       0%          1
b - Searing Ray           Conj           100%       2d8       0%          2
c - Dazzling Flash        Conj/Hex       100%       N/A       1%          3
d - Fulminant Prism       Conj/Hex       47%        3d21      1%          4
e - Iskenderun's Mystic   Conj/Tloc      95%        2d18      1%          4
f - Foxfire               Conj/Fire      100%       2x1d9     0%          1
g - Scorch                Fire           100%       2d10      0%          2
h - Ignite Poison         Fire/Tmut/Pois 95%        N/A       1%          3
i - Anguish               Hex/Necr       47%        N/A       1%          4
j - Metabolic Englaciati  Hex/Ice        47%        N/A       1%          5
k - Alistair's Intoxicat  Tmut/Pois      63%        N/A       1%          5
l - Eringya's Noxious Bo  Tmut/Pois      47%        N/A       1%          6
Your spell library was empty.

Dungeon Overview and Level Annotations

Branches:
Dungeon (8/15)             Temple (1/1) D:4            Lair (6/6) D:8
  Swamp (0/4) Lair:2       Spider (0/4) Lair:3        Slime (0/5) Lair:5
Ossuary (visited)

Altars:
Elyvilon
Fedhas
Hepliaklqana
Kikubaaqudgha
Makhleb
Okawaru
Ru
Trog
Uskayaw
Xom
The Shining One

Shops:
D:2 !   D:5 :   D:8 (


Innate Abilities, Weirdness & Mutations

You are immune to sickness and miasma.
You are immune to poison.
Your flesh is very heat resistant. (rF++)
You are vulnerable to cold. (rC-)
You float through the air rather than walking.
You learn spells naturally, not from books.
Your magical power is your life essence.
You have superior vitality. (+4 MHP)


Message History

* * * LOW HITPOINT WARNING * * *
The spectral eight-headed hydra barely misses you.
The spectral eight-headed hydra bites you but does no damage.
Casting: Iskenderun's Mystic Blast (safe; 1% risk of failure)
Confirm with . or Enter, or press ? or * to list all spells.
Okay, then.
As you read the scroll of teleportation, it crumbles to dust.
You feel strangely unstable.
You are engulfed in spectral mist.
You block the spectral eight-headed hydra's attack. x2
The spectral eight-headed hydra closely misses you.
The spectral eight-headed hydra bites you but does no damage.
The spectral eight-headed hydra closely misses you. x2
The spectral eight-headed hydra bites you.
* * * LOW HITPOINT WARNING * * *
The spectral eight-headed hydra bites you but does no damage.
You are engulfed in spectral mist.
* * * LOW HITPOINT WARNING * * *
The spectral eight-headed hydra closely misses you.
The spectral eight-headed hydra barely misses you.
The spectral eight-headed hydra bites you but does no damage. x2
You block the spectral eight-headed hydra's attack.
The spectral eight-headed hydra bites you!
* * * LOW HITPOINT WARNING * * *
You block the spectral eight-headed hydra's attack.
The spectral eight-headed hydra bites you but does no damage.
The ghost crab breathes spectral mist at you.
The spectral mist engulfs the spectral catoblepas but does no damage.
You feel much better.
You are engulfed in spectral mist.
* * * LOW HITPOINT WARNING * * *
You block the spectral eight-headed hydra's attack.
The spectral eight-headed hydra bites you but does no damage.
The spectral eight-headed hydra misses you.
The spectral eight-headed hydra barely misses you.
The spectral eight-headed hydra bites you.
* * * LOW HITPOINT WARNING * * *
You block the spectral eight-headed hydra's attack.
The spectral eight-headed hydra bites you!
* * * LOW HITPOINT WARNING * * *
The spectral eight-headed hydra bites you.
You die...

.........##.# #.#
..........#÷# .#.#
..#.......#.# ÷#.#
#...#.....#.# .#.#
..........#.# .#.#
..>..#....#.# t#.#
..........#÷# ○#.#
....#.....#§#####Z#.#
..#...(...#○☼ZZ§@Z#.#
..........#########.#
.......†..'.........#
..........###########
...#P##.### ...######
..## ###


You could see a ghost crab (slow), a spectral eight-headed hydra (summoned), a
spectral five-headed hydra (summoned), a spectral death yak (summoned) and a
spectral catoblepas (summoned).

Vanquished Creatures
  Nessos (Lair:6)
  3 entropy weavers (Lair:5)
  A dire elephant (Lair:6)
  Harold (D:7)
  A ghost crab (Lair:5)
  8 hydras
  A catoblepas (Lair:6)
  12 death yaks
  A deep troll shaman (Lair:6)
  Urug (Lair:1)
  5 fire crabs (Lair:5)
  21 elephants
  2 black mambas (Lair:3)
  A torpor snail (Lair:4)
  3 rime drakes
  7 cane toads
  8 komodo dragons
  2 burning bushes (Lair:6)
  4 polar bears
  A hornet (D:7)
  A meliai (Lair:3)
  44 blink frogs
  3 dream sheep (Lair:4)
  A wyvern (Lair:2)
  26 yaks
  4 basilisks (Lair:3)
  Menkaure (D:5)
  2 swamp worms (Lair:1)
  Duvessa (D:5)
  10 water moccasins
  6 black bears
  3 orc warriors
  2 necrophages
  A sky beast (D:6)
  2 ogres
  29 wolves
  A centaur (D:7)
  5 kobold brigands
  2 elf zombies (Ossuary)
  16 bullfrogs
  A water moccasin zombie (D:6)
  A scorpion (D:5)
  Dowan (D:5)
  7 killer bees
  An electric eel (Lair:2)
  9 wights (D:8)
  5 howler monkeys
  A bullfrog zombie (D:3)
  A human zombie (Ossuary)
  2 centaur zombies
  4 hounds
  5 jellies
  5 orc priests
  Crazy Yiuf (D:4)
  2 bullfrog skeletons (D:6)
  7 iguanas
  8 orc wizards
  A killer bee zombie (D:7)
  2 hound skeletons (D:4)
  2 mummies (Ossuary)
  4 gnolls (D:7)
  A howler monkey skeleton (D:6)
  9 adders
  A shadow imp (D:6)
  A white imp (D:8)
  2 adder skeletons
  2 worms
  A dart slug (D:4)
  15 orcs
  6 ball pythons
  8 endoplasms
  9 giant cockroaches
  2 gnoll zombies (Ossuary)
  5 goblins
  2 hobgoblins (D:4)
  A jackal (D:4)
  32 kobolds
  6 quokkas
  3 bats
  5 frilled lizards
  2 goblin zombies (Ossuary)
  3 hobgoblin zombies (Ossuary)
  3 orc zombies (Ossuary)
  9 rats
442 creatures vanquished.

Vanquished Creatures (others)
  A yak (D:8)
  2 foxfires (Ossuary)
  57 fulminant prisms
  47 fungi
  54 plants
161 creatures vanquished.

Grand Total: 603 creatures vanquished

Notes
Turn   | Place    | Note
-------+----------+-------------------------------------------
     0 | D:1      | catcat the Djinni Conjurer began the quest for the Orb.
     0 | D:1      | Reached XP level 1. HP: 15/15 MP: 0/0
   413 | D:1      | Reached XP level 2. HP: 20/22 MP: 0/0
   796 | D:1      | Reached skill level 1 in Fighting
  1420 | D:2      | Reached XP level 3. HP: 20/27 MP: 0/0
  1420 | D:2      | Learned a level 1 spell: Foxfire
  1666 | D:2      | Found Ukliaf's Distillery.
  1857 | D:2      | Identified the +0 leather armour of Vehumet's Condemnation
                  | {rN+}
  1901 | D:2      | Reached XP level 4. HP: 30/32 MP: 0/0
  1977 | D:2      | Reached skill level 4 in Spellcasting
  2578 | D:3      | Reached XP level 5. HP: 28/38 MP: 0/0
  2578 | D:3      | Learned a level 2 spell: Scorch
  3249 | D:4      | Reached XP level 6. HP: 25/45 MP: 0/0
  3261 | D:4      | Noticed an ogre
  3508 | D:4      | Noticed a black bear
  3525 | D:4      | Killed a black bear
  3526 | D:4      | Reached skill level 5 in Spellcasting
  3595 | D:4      | Noticed a black bear
  3596 | D:4      | Killed an ogre
  3597 | D:4      | Reached XP level 7. HP: 29/51 MP: 0/0
  3597 | D:4      | Learned a level 3 spell: Ignite Poison
  3825 | D:4      | Found a runed translucent door.
  3826 | D:4      | Noticed Crazy Yiuf
  3835 | D:4      | Killed Crazy Yiuf
  4243 | D:5      | Entered Level 5 of the Dungeon
  4279 | D:5      | Reached skill level 6 in Spellcasting
  4312 | D:5      | Found a sand-covered staircase.
  4315 | D:5      | Noticed Menkaure
  4325 | D:5      | Killed Menkaure
  4326 | D:5      | Reached XP level 8. HP: 4/58 MP: 0/0
  4475 | Ossuary  | Entered an ossuary
  4957 | D:5      | Reached skill level 7 in Spellcasting
  4982 | D:5      | Found Atolewn's Book Shoppe.
  4986 | D:5      | Noticed Duvessa
  4986 | D:5      | Noticed Dowan
  4991 | D:5      | Killed Duvessa
  4993 | D:5      | Killed Dowan
  5013 | D:5      | Reached XP level 9. HP: 43/63 MP: 0/0
  5013 | D:5      | Learned a level 4 spell: Anguish
  5914 | D:5      | Reached skill level 5 in Fighting
  6225 | D:6      | Reached skill level 8 in Spellcasting
  6771 | D:6      | Reached skill level 5 in Dodging
  7730 | D:7      | Reached skill level 9 in Spellcasting
  7811 | D:7      | Reached XP level 10. HP: 58/70 MP: 0/0
  7947 | D:7      | Noticed Harold
  7968 | D:7      | Killed Harold
  8762 | D:7      | Reached skill level 10 in Spellcasting
  9666 | D:8      | Found Hupneson's Weapon Shop.
  9768 | D:8      | Reached XP level 11. HP: 73/79 MP: 0/0
  9768 | D:8      | Learned a level 5 spell: Metabolic Englaciation
  9894 | D:8      | Found a staircase to the Lair.
 10743 | D:4      | Found a staircase to the Ecumenical Temple.
 10754 | Temple   | Entered the Ecumenical Temple
 10957 | Temple   | Became a worshipper of Elyvilon the Healer
 11233 | Lair:1   | Entered Level 1 of the Lair of Beasts
 11244 | Lair:1   | Reached skill level 11 in Spellcasting
 11928 | Lair:1   | Reached * piety under Elyvilon
 12265 | Lair:1   | Noticed Urug
 12291 | Lair:1   | Killed Urug
 12745 | Lair:1   | Reached skill level 12 in Spellcasting
 12988 | Lair:1   | Reached XP level 12. HP: 75/85 MP: 0/0
 13699 | Lair:2   | Reached ** piety under Elyvilon
 13931 | Lair:2   | Identified the +2 ring mail of Wicked the Leaf {Harm rPois
                  | rF+}
 14496 | Lair:2   | Found a staircase to the Swamp.
 14894 | Lair:3   | Reached skill level 13 in Spellcasting
 14916 | Lair:3   | Reached *** piety under Elyvilon
 15210 | Lair:3   | Found a hole to the Spider Nest.
 15300 | Lair:3   | Noticed a five-headed hydra
 15311 | Lair:3   | Killed a five-headed hydra
 16249 | Lair:3   | Reached XP level 13. HP: 48/93 MP: 0/0
 16249 | Lair:3   | Learned a level 5 spell: Alistair's Intoxication
 16760 | Lair:4   | Reached skill level 14 in Spellcasting
 17179 | Lair:4   | Reached **** piety under Elyvilon
 17182 | Lair:4   | Noticed a seven-headed hydra
 17195 | Lair:4   | Killed a seven-headed hydra
 17241 | Lair:4   | Noticed a five-headed hydra
 17253 | Lair:4   | Killed a five-headed hydra
 17321 | Lair:4   | Reached skill level 10 in Fighting
 18597 | Lair:5   | Noticed a four-headed hydra
 18604 | Lair:5   | Killed a four-headed hydra
 18926 | Lair:5   | Found a sacrificial altar of Ru.
 18931 | Lair:5   | You are sucked into a shaft and drop 1 floor!
 18931 | Lair:6   | Entered Level 6 of the Lair of Beasts
 18936 | Lair:6   | Noticed an eight-headed hydra
 18943 | Lair:6   | Killed an eight-headed hydra
 18944 | Lair:6   | Reached skill level 10 in Dodging
 18944 | Lair:6   | Reached XP level 14. HP: 72/103 MP: 0/0
 18948 | Lair:6   | Reached skill level 15 in Spellcasting
 19513 | Lair:5   | Found a staircase to the Slime Pits.
 19694 | Lair:5   | Found a runed translucent door.
 19757 | Lair:5   | Reached ***** piety under Elyvilon
 20202 | Lair:6   | Noticed Nessos
 20581 | Lair:6   | Identified the +0 mace "Zistri" {freeze, rCorr}
 20670 | Lair:6   | Reached skill level 1 in Invocations
 21393 | Lair:6   | HP: 1/103 [Nessos/arrow (12)]
 21393 | Lair:6   | Elyvilon protects you from harm!
 21394 | Lair:6   | Killed Nessos
 22764 | Lair:6   | Reached skill level 16 in Spellcasting
 23021 | Lair:6   | Noticed a dire elephant
 23051 | Lair:6   | Reached XP level 15. HP: 55/107 MP: 0/0
 23051 | Lair:6   | Learned a level 6 spell: Eringya's Noxious Bog
 24009 | Lair:5   | Reached skill level 1 in Shields
 24521 | Lair:5   | HP: 5/107 [spectral eight-headed hydra[a ghost crab] (9)]
 24522 | Lair:5   | HP: 1/107 [spectral eight-headed hydra[a ghost crab] (9)]
 24522 | Lair:5   | Slain by a spectral eight-headed hydra

Illustrated notes

Levels and vault maps discovered:
D:1:      nagdon_arrival_double_spiral, layout_basic, serial_forest,
          infiniplex_forest_join, infiniplex_forest_straight_2,
          infiniplex_forest_straight_4, infiniplex_forest_lined_room_2,
          infiniplex_forest_zigzag_2, infiniplex_forest_fountain,
          infiniplex_forest_clump_diagonal, infiniplex_forest_clump_large
D:2:      layout_loops_ring, serial_shops, shop, minmay_quantized
D:3:      layout_loops_cross, wad_floor_pattern_2
D:4:      layout_basic, minmay_temple_entry_poolview, minmay_diced_spiral,
          uniq_crazy_yiuf_cottage
D:5:      layout_basic, gup_sewer_entry_pipe, serial_shops,
          nicolae_diamond_shop, nicolae_ossuary_entry_monument, minivault_26,
          uniq_duvessa, uniq_menkaure
D:6:      layout_basic
D:7:      layout_loops_ring, minmay_misc_feat_plants, hangedman_decor_growths,
          abandoned_shop, uniq_harold
D:8:      layout_rooms, lair_entry_dummy, serial_shops,
          nicolae_shop_statue_plus, small_statue_intersection,
          minmay_misc_feat_hallway
Temple:   minmay_temple_curvy_loop
Lair:1:   layout_regular_city, worms_lemuel, uniq_urug
Lair:2:   layout_long_grid, swamp_mist_pool, lemuel_fruit_tree,
          grunt_megastairs_3, infiniplex_staircase_pool_2, serial_bayou_shore_a
Lair:3:   layout_layer_cave, hellmonk_spider_entry_not_the_bees,
          kennysheep_basilisk_garden
Lair:4:   layout_roguey, grunt_megastairs_1
Lair:5:   gammafunk_mikee_crab_dinner, layout_concentric_octagons,
          nicolae_slime_entry_slimehenge, basic_altar, st_stairs_5
Lair:6:   grunt_lair_end_beastmaster, layout_regular_city, evilmike_ambush
          [evilmike_ambush_outer_basic, evilmike_ambush_inner_basic],
          grunt_megastairs_4, uniq_nessos

Skill      XL: |  1  2  3  4  5  6  7  8  9 10 11 12 13 14 15 |
---------------+----------------------------------------------+-----
Fighting       | 1 2 3 4 5 7 8 10 | 10.0
Spellcasting   | 4 5 6 7 9 10 12 13 14 16 | 16.3
Dodging        | 3 4 6 8 9 10 11 12 | 12.0
Invocations    | 3 |  3.5
Shields        | 2 |  2.0
Armour         | |  0.9
Stealth        | |  1.5

Action                   |  1- 3 |  4- 6 |  7- 9 | 10-12 | 13-15 || total
-------------------------+-------+-------+-------+-------+-------++-------
Melee: Mace              |       |       |       |       |     1 ||     1
 Cast: Magic Dart        |    38 |    25 |    21 |    31 |    11 ||   126
       Searing Ray       |     6 |    16 |    60 |    97 |    69 ||   248
       Iskenderun's Myst |       |     6 |    28 |    75 |   153 ||   262
       Dazzling Flash    |       |     1 |       |     8 |     3 ||    12
       Fulminant Prism   |       |       |     7 |    14 |    36 ||    57
       Foxfire           |       |       |     1 |       |       ||     1
       Anguish           |       |       |       |     1 |       ||     1
       Metabolic Englaci |       |       |       |     7 |    38 ||    45
Invok: Heal Self         |       |       |       |       |     1 ||     1
Evoke: Wand              |       |       |     7 |       |     1 ||     8
  Use: Scroll            |       |       |     5 |    13 |     5 ||    23
       Potion            |       |       |     1 |       |     1 ||     2
Armor: Robe              |     1 |     5 |     6 |    20 |     6 ||    38
       Ring mail         |       |       |       |       |    19 ||    19
Dodge: Dodged            |     3 |     6 |    17 |    62 |    49 ||   137
Block: Other             |     1 |     3 |     6 |    15 |    12 ||    37
       Reflection        |       |       |     1 |     3 |     1 ||     5
       Buckler           |       |       |       |       |    10 ||    10
